AoeStats
← Big Tiozao

Arena

510133830Analyzed
4v4 RM · 22h ago on Sep 29, 2026· 45m 18s· 8 players
Game mode
Random Map
Map size
Large (8 player)
Population
200
Speed
Normal
Resources
Standard
Victory
Conquest
Starting age
Dark Age
Ending age
Imperial Age
RankedLock teamsTeams togetherTeam positionsShared explorationLock speedFull tech treeHidden civsTurbo modeCheats
Victory
Defeat
🇺🇸 Vikings · United States
1019
+25
🇳🇱 Teutons · Netherlands
984
+14
🇺🇸 Celts · United States
957
+15
🇬🇧 Huns · United Kingdom
954
+15
🇮🇳 Poles · India
983
-16
🇧🇷 Wei · Brazil
954
-15
🇮🇳 Ethiopians · India
915
-22
🇩🇪 Spanish · Germany
905
-13
taisho84
11:52 Feudal Age
12:59 Double-Bit Axe
12:55 Horse Collar
19:00 Castle Age
17:32 Stone Mining
21:16 Bow Saw
21:54 Loom
23:51 Heavy Plow
30:53 Imperial Age
28:40 Gold Mining
28:47 Fletching
28:33 Pikeman
30:35 Bodkin Arrow
30:41 Scale Mail Armor
30:52 Forging
30:54 Masonry
32:11 Crenellations
33:51 Two-Man Saw
33:22 Crop Rotation
33:43 Padded Archer Armor
34:19 Iron Casting
34:47 Chemistry
33:59 Halberdier
34:22 Elite Skirmisher
35:24 Leather Archer Armor
35:24 Chain Mail Armor
36:27 Conscription
36:57 Ballistics
39:27 Fortified Wall
39:02 Arrowslits
39:49 Plate Mail Armor
39:50 Ring Archer Armor
43:27 Wheelbarrow
44:32 Blast Furnace
43:39 Squires
Hyper
9:31 Loom
12:23 Feudal Age
17:09 Castle Age
16:11 Double-Bit Axe
17:19 Gold Mining
17:20 Stone Mining
17:55 Horse Collar
20:13 Bow Saw
21:34 Heavy Plow
23:15 Bloodlines
25:20 Forging
26:12 Husbandry
27:12 Marauders
31:25 Wheelbarrow
37:27 Imperial Age
35:38 Scale Barding Armor
36:09 Iron Casting
35:40 Light Cavalry
36:44 Chain Barding Armor
37:31 Elite Tarkan
38:34 Conscription
37:36 Hussar
39:28 Blast Furnace
39:49 Plate Barding Armor
39:45 Fletching
42:18 Gold Shaft Mining
Fuzzytongue
12:22 Feudal Age
13:14 Double-Bit Axe
17:13 Castle Age
14:58 Horse Collar
18:18 Bow Saw
18:11 Heavy Plow
25:55 Gold Mining
29:24 Gold Shaft Mining
30:00 Pikeman
30:27 Arson
34:47 Imperial Age
32:56 Wheelbarrow
34:20 Hand Cart
34:48 Capped Ram
35:53 Conscription
35:50 Furor Celtica
36:00 Forging
35:54 Scale Mail Armor
35:46 Siege Ram
39:12 Halberdier
40:53 Onager
raggner_thetueton
8:51 Feudal Age
9:30 Double-Bit Axe
14:51 Castle Age
13:52 Man-at-Arms
14:18 Arson
15:17 Scale Mail Armor
15:09 Long Swordsman
18:48 Squires
26:42 Chain Mail Armor
26:38 Forging
30:52 Bow Saw
32:20 Iron Casting
34:56 Horse Collar
39:16 Imperial Age
37:19 Heavy Plow
37:24 Fletching
37:34 Padded Archer Armor
38:16 Ballistics
38:06 Bodkin Arrow
37:47 Crossbowman
39:36 Arbalester
42:08 Chemistry
42:01 Bracer
42:24 Leather Archer Armor
43:24 Bogsveigar
44:54 Treadmill Crane
Mistăr
0:41 Loom
11:32 Feudal Age
11:39 Feudal Age
12:05 Double-Bit Axe
12:00 Horse Collar
18:34 Castle Age
16:46 Stone Mining
17:34 Gold Mining
17:37 Fletching
25:57 Heavy Plow
27:14 Husbandry
29:41 Wheelbarrow
29:12 Arson
33:28 Imperial Age
31:38 Fortified Wall
31:24 Murder Holes
31:52 Bloodlines
32:38 Squires
31:58 Pikeman
34:29 Conscription
34:29 Forging
34:24 Scale Barding Armor
34:20 Scale Mail Armor
35:04 Bow Saw
35:55 Iron Casting
36:56 Chemistry
37:28 Two-Man Saw
37:09 Hand Cart
36:52 Arrowslits
37:19 Masonry
37:01 Elite Conquistador
40:22 Architecture
40:17 Cavalier
40:17 Light Cavalry
42:23 Blast Furnace
41:43 Chain Barding Armor
Big Tiozao
11:39 Feudal Age
17:22 Castle Age
15:44 Gold Mining
16:00 Horse Collar
16:45 Double-Bit Axe
17:48 Stone Mining
18:32 Loom
19:44 Bow Saw
20:33 Wheelbarrow
28:36 Husbandry
30:43 Sanctity
34:43 Fervor
37:45 Gold Shaft Mining
38:27 Heavy Plow
44:52 Imperial Age
42:39 Hand Cart
Binghazi III
7:21 Loom
11:04 Feudal Age
17:26 Castle Age
25:38 Light Cavalry
26:28 Bloodlines
27:39 Bloodlines
28:28 Husbandry
31:48 Scale Barding Armor
31:53 Forging
32:03 Forging
34:07 Wheelbarrow
35:26 Chain Barding Armor
35:41 Iron Casting
35:07 Scale Mail Armor
36:00 Squires
37:48 Hand Cart
38:17 Chain Mail Armor
42:40 Imperial Age
44:12 Imperial Age
41:08 Man-at-Arms
Mogami
5:05 Loom
11:59 Feudal Age
13:07 Double-Bit Axe
15:52 Castle Age
13:37 Horse Collar
17:35 Bow Saw
21:00 Fervor
21:12 Fletching
22:40 Wheelbarrow
22:31 Gold Mining
24:06 Hand Cart
24:31 Heavy Plow
26:08 Gold Shaft Mining
26:21 Bodkin Arrow
26:18 Town Watch
27:49 Padded Archer Armor
30:28 Imperial Age
28:43 Thumb Ring
28:37 Stone Mining
28:25 Crossbowman
29:22 Leather Archer Armor
30:24 Ballistics
32:09 Chemistry
31:12 Bracer
30:34 Arbalester
32:38 Two-Man Saw
33:07 Ring Archer Armor
35:52 Siege Engineers
35:58 Fortified Wall
35:59 Masonry
36:50 Stone Shaft Mining
Connection lost

Rejoining the realm…

Still unreachable

The connection could not be restored.

Session expired

The server has moved on; the page needs a fresh start.